 Dungeon Crawl Stone Soup version 0.21.0-24-g2553a33 (webtiles) character file.

673 emikaela the Chopper (level 7, 0/99 HPs)
             Began as a Deep Dwarf Chaos Knight on Jan 20, 2018.
             Succumbed to an orc wizard's poison
             ... on level 5 of the Dungeon.
             The game lasted 00:07:35 (3519 turns).

emikaela the Chopper (Deep Dwarf Chaos Knight)      Turns: 3519, Time: 00:07:37

Health: 0/99       AC: 23    Str: 16    XL:     7   Next: 33%
Magic:  16/16      EV:  2    Int: 13    God:    Xom [..*...]
Gold:   215        SH:  0    Dex: 18    Spells: 6/6 levels left

rFire    . . .     SeeInvis .   a - +0 hand axe (chaos)
rCold    . . .     Gourm    +   (no shield)
rNeg     + + +     Faith    .   (armour currently unavailable)
rPois    +         Spirit   .   (helmet currently unavailable)
rElec    .         Reflect  .   (cloak currently unavailable)
rCorr    .         Harm     .   (gloves currently unavailable)
MR       +....     NoTele   +   (boots currently unavailable)
Stlth    +++.......             q - amulet of the gourmand
HPRegen  0.00/turn              u - ring of magical power
MPRegen  0.15/turn              (no ring)

@: agile, lethally poisoned (0 -> -5), tree-form, very slightly contaminated,
non-regenerating, drained, invisible
A: damage resistance, heal wounds, sense surroundings 1, no regeneration
a: Heal Wounds, Renounce Religion


You were on level 5 of the Dungeon.
You worshipped Xom.
You were a toy of Xom.
You were not hungry.
You were a tree.
You visited 1 branch of the dungeon, and saw 5 of its levels.

You collected 215 gold pieces.

Inventory:

Hand Weapons
 a - a +0 hand axe of chaos (weapon)
Missiles
 e - 11 poisoned needles
 j - 56 arrows
 o - 58 bolts
 s - 53 stones (quivered)
 t - 5 tomahawks
 S - 69 sling bullets
Armour
 b - a +3 leather armour (melded)
 E - a +2 pair of boots (melded)
Jewellery
 f - an uncursed amulet of magic regeneration
 q - an amulet of the gourmand (around neck)
 u - a ring of magical power (left branch)
Wands
 B - a wand of iceblast (7)
 Y - a wand of polymorph (21)
Scrolls
 c - 3 scrolls of remove curse
 d - 2 scrolls of enchant armour
 g - 3 scrolls of fog
 k - a scroll of amnesia
 m - a scroll of fear {unknown}
 p - a scroll of teleportation
 v - a scroll of enchant weapon {unknown}
 x - a scroll of immolation {unknown}
 y - a scroll of random uselessness {unknown}
 C - a scroll of magic mapping {unknown}
Potions
 h - a potion of agility
 l - a potion of brilliance
 w - a potion of magic
 A - a potion of flight
Comestibles
 r - 11 rations


   Skills:
 + Level 4.6(4.4) Fighting
 * Level 7.3(7.1) Axes
 - Level 2.1(2.0) Armour
 - Level 1.1(0.9) Dodging
 + Level 4.1(3.9) Evocations


You had 6 spell levels left.
You didn't know any spells.

Dungeon Overview and Level Annotations

Branches:
Dungeon (5/15)
 Temple: D:4-7

Altars:
Cheibriados
Dithmenos
Fedhas
Nemelex Xobeh
Okawaru
Ru

Annotations:
D:5 Menkaure


Innate Abilities, Weirdness & Mutations

You are resistant to damage.
You can heal yourself by infusing magical energy.
You passively map a small area around you.
You do not regenerate.


Message History

Your +3 leather armour melds into your body.
Your roots penetrate the ground.
* * * LOW HITPOINT WARNING * * *
You feel very sick.
* * * LOW HITPOINT WARNING * * *
You feel very sick.
* * * LOW HITPOINT WARNING * * *
You feel very sick.
It was a potion of invisibility.
You fade into invisibility!
* * * LOW HITPOINT WARNING * * *
You feel sick.
You are very lightly contaminated with residual magic.
Okay, then.
* * * LOW HITPOINT WARNING * * *
You feel very sick.
* * * LOW HITPOINT WARNING * * *
You feel sick.
You die...
Xom howls with laughter!

###### #.... #$#
#....# #.^.. #.#
#....# #....,#..
#....########
#....,#.#
#............,
... #.. *
###....########
* ##.##.O
#...<#.# #..<#..
* #.####.######
#...O.. ,
.......))♣...#
#.##### *
....##.######..#
#...... , ,,...,
, ,... .,.....
.## **# ###.##.#
#. , , # #. # *
* , , ##* , , ,
, * ** ,, * ,


There were no monsters in sight!

Vanquished Creatures
  A phantom (D:4)
  An ogre (D:4)
  A quasit (D:3)
  2 hounds (D:4)
  An orc priest (D:4)
  5 orc wizards
  2 worker ants (D:4)
  A hound skeleton (D:4)
  3 gnolls (D:4)
  5 adders
  A shadow imp (D:5)
  An ooze (D:1)
  4 worms
  2 dart slugs (D:1)
  A leopard gecko (D:2)
  7 orcs
  4 giant cockroaches
  11 goblins
  9 hobgoblins
  2 jackals (D:2)
  3 quokkas
  2 ball pythons
  5 bats
  4 frilled lizards
  A jackal skeleton (D:4)
  8 kobolds
  2 rats (D:2)
89 creatures vanquished.

Notes
Turn   | Place    | Note
-------+----------+-------------------------------------------
     0 | D:1      | emikaela the Deep Dwarf Chaos Knight began the quest for the Orb.
     0 | D:1      | Reached XP level 1. HP: 20/20 MP: 1/1
    38 | D:1      | Reached XP level 2. HP: 27/27 MP: 2/2
   345 | D:1      | Reached skill level 4 in Axes
   526 | D:1      | XOM: silly message
   728 | D:2      | Reached XP level 3. HP: 20/34 MP: 3/3
  1286 | D:2      | XOM: summons 1 hostile demon
  1456 | D:2      | Found a sparkling altar of Nemelex Xobeh.
  1587 | D:3      | Reached XP level 4. HP: 34/42 MP: 3/3
  1590 | D:3      | XOM: polymorph hobgoblin -> quokka
  1606 | D:3      | XOM: polymorph crimson imp -> quasit
  1627 | D:3      | Reached skill level 5 in Axes
  1654 | D:3      | Found a snail-covered altar of Cheibriados.
  1993 | D:3      | Reached skill level 1 in Evocations
  1993 | D:3      | Reached XP level 5. HP: 41/50 MP: 4/4
  2201 | D:3      | XOM: smoke on damage
  2286 | D:4      | Reached skill level 6 in Axes
  2314 | D:4      | Reached XP level 6. HP: 43/57 MP: 4/4
  2320 | D:4      | XOM: polymorph something unseen -> kobold
  2361 | D:4      | Found a sparkling altar of Nemelex Xobeh.
  2448 | D:4      | Found a sacrificial altar of Ru.
  2533 | D:4      | Found a blossoming altar of Fedhas.
  2611 | D:4      | Reached skill level 7 in Axes
  2611 | D:4      | Reached XP level 7. HP: 43/66 MP: 6/6
  2615 | D:4      | XOM: harmless Summ miscast
  2648 | D:4      | Found a shadowy altar of Dithmenos.
  2657 | D:4      | XOM: mild Air miscast
  2722 | D:4      | Found an iron altar of Okawaru.
  2987 | D:4      | XOM: noise
  3236 | D:4      | XOM: noise
  3338 | D:5      | Entered Level 5 of the Dungeon
  3416 | D:5      | Noticed Menkaure
  3517 | D:5      | HP: 4/99 [poisoned by an orc wizard]
  3519 | D:5      | Succumbed to an orc wizard's poison

Skill      XL: |  1  2  3  4  5  6  7 |
---------------+----------------------+-----
Axes           | 4 5 6 7 |  7.3
Fighting       | 3 4 |  4.6
Evocations     | 1 2 3 4 |  4.1
Armour         | |  2.1
Dodging        | |  1.1

Action                   |  1- 3 |  4- 6 |  7- 9 || total
-------------------------+-------+-------+-------++-------
Melee: Hand axe          |   140 |   186 |    36 ||   362
Throw: Stone             |    84 |    77 |    20 ||   181
 Abil: Heal Wounds       |     2 |     6 |     2 ||    10
  Use: Scroll            |       |     6 |     3 ||     9
       Potion            |       |     2 |     4 ||     6
 Stab: Paralysed         |     1 |     6 |       ||     7
       Confused          |     1 |       |     1 ||     2
  Eat: Chunk             |     2 |     4 |     1 ||     7
       Ration            |       |       |     1 ||     1
Armor: Leather armour    |    43 |    91 |    11 ||   145
Dodge: Dodged            |    95 |   128 |    13 ||   236
